 Dungeon Crawl Stone Soup version 0.25-a0-86-ga6f17ae7d4 (webtiles) character file.

Game seed: 16203425865205773277, levelgen mode: deterministic

512 D1HalberdGnoll the Grave Robber (level 6, -4/46 HPs)
             Began as a Vampire Necromancer on Nov 9, 2019.
             Slain by a gnoll
             ... wielding a +0 halberd
              (10 damage)
             ... on level 4 of the Dungeon.
             The game lasted 00:07:49 (4488 turns).

D1HalberdGnoll the Grave Robber (VpNe)              Turns: 4488, Time: 00:07:49

Health: -4/46      AC:  3    Str:  9    XL:     6   Next: 99%
Magic:  11/11      EV: 13    Int: 17    God:
Gold:   124        SH:  0    Dex: 15    Spells: 4/12 levels left

rFire    . . .     SeeInvis +   n - +1 whip (elec)
rCold    + . .     Gourm    .   (no shield)
rNeg     . . .     Faith    .   q - +0 leather armour
rPois    .         Spirit   .   (no helmet)
rElec    .         Reflect  .   (no cloak)
rCorr    .         Harm     .   (no gloves)
MR       .....                  (no boots)
Stlth    ++........             (no amulet)
HPRegen  0.35/turn              e - ring of protection from cold
MPRegen  0.12/turn              a - +3 ring of slaying

@: regenerating quickly, slowed, very slow
A: no food, fangs 3, see invisible, unbreathing
a: Exsanguinate


You were on level 4 of the Dungeon.
You were alive.

You visited 1 branch of the dungeon, and saw 5 of its levels.

You collected 124 gold pieces.

Inventory:

Hand Weapons
 n - a +1 whip of electrocution (weapon)
Missiles
 m - 2 throwing nets (quivered)
Armour
 q - a +0 leather armour (worn)
Jewellery
 a - a +3 ring of slaying (right hand)
 e - a ring of protection from cold (left hand)
 o - an uncursed amulet of the acrobat
Wands
 k - a wand of polymorph (9)
Scrolls
 d - a scroll of immolation {unknown}
 f - 2 scrolls of identify
 j - a scroll of remove curse
Potions
 b - a potion of degeneration {unknown}
 c - a potion of might {unknown}
 g - a potion of mutation {unknown}
 h - 2 potions of invisibility
 i - 2 potions of resistance {unknown}
 l - 3 potions of curing
 p - a potion of brilliance {unknown}
 r - a potion of haste {unknown}


   Skills:
 + Level 2.7 Fighting
 + Level 4.1 Dodging
 - Level 3.0 Stealth
 + Level 3.5 Spellcasting
 * Level 6.7 Necromancy


You had 4 spell levels left.
You knew the following spells:

 Your Spells              Type           Power        Failure   Level  Hunger
a - Pain                  Necr           ####         1%          1    N/A
b - Vampiric Draining     Necr           ####......   4%          3    N/A
c - Regeneration          Chrm/Necr      ##........   17%         3    N/A
s - Animate Skeleton      Necr           N/A          1%          1    N/A

Your spell library contained the following spells:

 Spells                   Type           Power        Failure   Level  Hunger
 Animate Dead             Necr           N/A          14%         4    N/A
 Corona                   Hex            #......      24%         1    N/A
 Ensorcelled Hibernation  Hex/Ice        #.....       34%         2    N/A
 Confuse                  Hex            #.......     56%         3    N/A
 Dazzling Spray           Conj/Hex       #.....       56%         3    N/A
 Tukima's Dance           Hex            #.......     56%         3    N/A

Dungeon Overview and Level Annotations

Branches:
Dungeon (5/15)
 Temple: D:4-7

Altars:
Ashenzari
Cheibriados
Elyvilon
Fedhas
Makhleb
Okawaru
Ru
Uskayaw


Innate Abilities, Weirdness & Mutations

You do not eat.
Your natural rate of healing is unusually fast.
You have razor-sharp teeth.
You have supernaturally acute eyesight. (SInv)
You can survive without breathing.


Message History

The gnoll misses you. The gnoll closely misses you.
You climb downwards.
A bullfrog, a skeleton and 4 dart slugs come into view.
Found three items.
There is a stone staircase leading up here.
The bullfrog closely misses you. The gnoll hits you with a +0 whip.
* * * LOW HITPOINT WARNING * * *
The gnoll completely misses you. The bullfrog misses you.
The gnoll closely misses you. The gnoll hits you with a +0 whip.
* * * LOW HITPOINT WARNING * * *
You climb upwards.
The gnoll hits you with a +0 club.
* * * LOW HITPOINT WARNING * * *
The gnoll hits you with a +0 club.
* * * LOW HITPOINT WARNING * * *
The gnoll misses you.
There is a stone staircase leading down, spattered with blood here.
Okay, then.
The bullfrog hits you but does no damage.
The gnoll hits you from afar with a +0 halberd!
You die...

...Z#.#...........#... ##()#
#..#####.............# ###..#
##.................#.###..(##
###...................#.(.##
###.......#..............##..
#..(####..................h.
###(###........%†...........
#.Z(##...........###..#..##
#.(..#####@Fg...## #######
##..####...g>....##
#..(..##..g.g##...##
##)..####..........# #...#
#..........## #####
###.....#...# ##....##..#
##..###### ####


You could see a bullfrog and 4 gnolls.

Vanquished Creatures
  A centaur (D:4)
  2 scorpions
  Jessica (D:2)
  9 gnolls
  8 adders
  2 oozes
  2 worms
  4 dart slugs
  6 leopard geckos
  6 orcs
  3 ball pythons
  5 bats
  6 giant cockroaches
  13 hobgoblins
  3 jackals (D:4)
  5 quokkas
  9 frilled lizards
  9 goblins
  10 kobolds
  10 rats
  A plant (D:1)
115 creatures vanquished.

Vanquished Creatures (collateral kills)
  A gnoll (D:3)
  A dart slug (D:2)
  3 bats
  A giant cockroach (D:2)
  A hobgoblin (D:2)
  A quokka (D:2)
8 creatures vanquished.

Vanquished Creatures (others)
  A plant (D:2)
1 creature vanquished.

Grand Total: 124 creatures vanquished

Notes
Turn   | Place    | Note
-------+----------+-------------------------------------------
     0 | D:1      | D1HalberdGnoll the Vampire Necromancer began the quest for
                  | the Orb.
     0 | D:1      | Reached XP level 1. HP: 13/13 MP: 3/3
     7 | D:1      | Learned a level 1 spell: Animate Skeleton
   247 | D:1      | Reached XP level 2. HP: 11/20 MP: 1/5
  1044 | D:1      | Reached XP level 3. HP: 3/25 MP: 3/6
  1045 | D:1      | HP: 1/25 [frilled lizard (1)]
  1368 | D:1      | Reached skill level 1 in Fighting
  1427 | D:2      | Reached skill level 5 in Necromancy
  1876 | D:2      | Reached XP level 4. HP: 25/32 MP: 2/7
  2521 | D:2      | Noticed Jessica
  2526 | D:2      | Killed Jessica
  2526 | D:2      | Reached XP level 5. HP: 37/38 MP: 5/9
  2966 | D:3      | Reached skill level 6 in Necromancy
  3125 | D:3      | Learned a level 3 spell: Vampiric Draining
  3129 | D:3      | Learned a level 3 spell: Regeneration
  3391 | D:3      | Reached XP level 6. HP: 32/44 MP: 3/10
  4284 | D:4      | Found an iron altar of Okawaru.
  4285 | D:4      | Found a sacrificial altar of Ru.
  4289 | D:4      | Found a snail-covered altar of Cheibriados.
  4290 | D:4      | Found a burning altar of Makhleb.
  4290 | D:4      | Found a white marble altar of Elyvilon.
  4292 | D:4      | Found a shattered altar of Ashenzari.
  4293 | D:4      | Found a hide-covered altar of Uskayaw.
  4295 | D:4      | Found a blossoming altar of Fedhas.
  4485 | D:5      | Entered Level 5 of the Dungeon
  4488 | D:4      | Slain by a gnoll

Levels and vault maps discovered:
D:1:      onia_arrival_larder, layout_basic, serial_bayou_ford_a
D:2:      wad_woods_tower, layout_basic, first_ration, uniq_jessica
D:3:      minmay_wonky_spiral, layout_loops_corners, gup_sewer_entry_bowl
D:4:      layout_cave_pools, minitemple
D:5:      kennysheep_slugbush, layout_loops_ring, hangedman_feature_mirror

Skill      XL: |  1  2  3  4  5  6 |
---------------+-------------------+-----
Fighting       | 1 2 |  2.7
Necromancy     | 5 6 |  6.7
Dodging        | 3 4 |  4.1
Spellcasting   | 3 |  3.5
Stealth        | |  3.0

Action                   |  1- 3 |  4- 6 || total
-------------------------+-------+-------++-------
Melee: Unarmed           |    41 |       ||    41
       Bite              |    37 |    17 ||    54
       Club              |   190 |    93 ||   283
       Whip              |       |    92 ||    92
 Cast: Pain              |    49 |    97 ||   146
       Animate Skeleton  |     9 |    20 ||    29
       Vampiric Draining |       |     2 ||     2
  Use: Potion            |     1 |     1 ||     2
       Scroll            |       |     2 ||     2
 Stab: Sleeping          |     5 |     8 ||    13
Armor: Robe              |    20 |    33 ||    53
       Leather armour    |       |    10 ||    10
Dodge: Dodged            |   105 |   219 ||   324

Table legend:
 A = Non-vault XP
 B = Vault XP
 C = Vault XP percentage of total XP
 D = Non-vault monster count
 E = Vault monster count
 F = Vault count percentage of total count
                 A         B        C        D         E       F
            +---------+---------+-------+---------+---------+-------
      Total |     623 |     109 |  14.9 |     101 |      21 |  17.2
            +---------+---------+-------+---------+---------+-------
        D:1 |      46 |       9 |  16.4 |      23 |       6 |  20.7
        D:2 |     181 |      73 |  28.7 |      27 |       7 |  20.6
        D:3 |     133 |      27 |  16.9 |      36 |       8 |  18.2
        D:4 |     263 |       0 |   0.0 |      15 |       0 |   0.0
            +---------+---------+-------+---------+---------+-------
